TOP OF THE 1ST |
New York Yankees batting - Pitching for Minnesota Twins : RHP Jose Lopez
|
Pitching: RHP Jose Lopez
|
|
Batting: LHB Jason Peck
|
0-0: Swinging Strike 0-1: Ball 1-1: SINGLE (Groundball, 34D, EV 103.8 MPH)
|
Batting: RHB C.J. Richerson
|
0-0: Ball 1-0: SINGLE (Groundball, 56D, EV 95.6 MPH) Jason Peck to second
|
Batting: LHB Evan Torraville
|
0-0: Called Strike 0-1: Ball 1-1: Foul Ball, location: 2F 1-2: Strikes out swinging
|
Batting: SHB Bartholomeu Chambino
|
0-0: Swinging Strike 0-1: Foul Ball, location: 2F 0-2: SINGLE (Groundball, 34S, EV 69.4 MPH) (infield hit) Jason Peck to third C.J. Richerson to second
|
Batting: LHB Jim Skare
|
0-0: Foul Ball, location: 2F 0-1: Ball 1-1: Called Strike 1-2: Foul Ball, location: 2F 1-2: Ball 2-2: Strikes out swinging
|
Batting: RHB Geni Prawiranega
|
0-0: Ball 1-0: Ball 2-0: Called Strike 2-1: DOUBLE (Line Drive, 9LM, EV 110.6 MPH) Jason Peck scores C.J. Richerson scores Bartholomeu Chambino to third Runner from 3rd tries for Home, SAFE, throw by RF to home
|
Batting: LHB David Bramble
|
0-0: Swinging Strike 0-1: Swinging Strike 0-2: Strikes out swinging
|
Top of the 1st over - 3 runs, 4 hits, 0 errors, 1 left on base; New York 3 - Minnesota 0 |
BOTTOM OF THE 1ST |
Minnesota Twins batting - Pitching for New York Yankees : RHP Karel Heuvelink
|
Pitching: RHP Karel Heuvelink
|
|
Batting: RHB Danny Miramontes
|
0-0: Foul Ball, location: 2F 0-1: Ball 1-1: Ball 2-1: Fly out, F9 (Flyball, 9S, EV 85.0 MPH)
|
Batting: LHB Joel Kunkler
|
0-0: Ball 1-0: Ball 2-0: Ball 3-0: Base on Balls
|
Batting: RHB Hildo Pot
|
0-0: Ball 1-0: Ball 2-0: Swinging Strike 2-1: Swinging Strike 2-2: Grounds into double play, 6-4-3 (Groundball, 6, EV 81.9 MPH)
|
Bottom of the 1st over - 0 runs, 0 hits, 0 errors, 0 left on base; New York 3 - Minnesota 0 |
TOP OF THE 2ND |
New York Yankees batting - Pitching for Minnesota Twins : RHP Jose Lopez
|
Batting: RHB Sean Neuroth
|
0-0: Ball 1-0: Foul Ball, location: 2F 1-1: Foul Ball, location: 2F 1-2: SOLO HOME RUN (Line Drive, 7LD, EV 98.1 MPH), Distance : 355 ft
|
Batting: LHB Yao-pang Tien
|
0-0: Foul Ball, location: 2F 0-1: Foul Ball, location: 2F 0-2: Strikes out looking
|
Batting: LHB Jason Peck
|
0-0: Called Strike 0-1: Foul Ball, location: 2F 0-2: Foul Ball, location: 2F 0-2: Strikes out looking
|
Batting: RHB C.J. Richerson
|
0-0: Swinging Strike 0-1: Swinging Strike 0-2: Strikes out swinging
|
Top of the 2nd over - 1 run, 1 hit, 0 errors, 0 left on base; New York 4 - Minnesota 0 |
BOTTOM OF THE 2ND |
Minnesota Twins batting - Pitching for New York Yankees : RHP Karel Heuvelink
|
Batting: RHB José Molina
|
0-0: Ball 1-0: Ball 2-0: Called Strike 2-1: Fly out, F4 (Popup, 4S, EV 78.1 MPH)
|
Batting: RHB Väinö Tapaninen
|
0-0: Called Strike 0-1: Ball 1-1: Ground out 5-3 (Groundball, 56, EV 96.9 MPH)
|
Batting: RHB Yonetoshi Muranaka
|
0-0: Foul Ball, location: 2F 0-1: Ball 1-1: Ground out 5-3 (Groundball, 56S, EV 91.2 MPH)
|
Bottom of the 2nd over - 0 runs, 0 hits, 0 errors, 0 left on base; New York 4 - Minnesota 0 |
TOP OF THE 3RD |
New York Yankees batting - Pitching for Minnesota Twins : RHP Jose Lopez
|
Batting: LHB Evan Torraville
|
0-0: Swinging Strike 0-1: Ball 1-1: Ball 2-1: SINGLE (Line Drive, 5D, EV 100.0 MPH)
|
Batting: SHB Bartholomeu Chambino
|
0-0: Ball Evan Torraville steals 2nd base 1-0: Swinging Strike 1-1: Called Strike Evan Torraville steals 3rd base 1-2: Ground out 6-3 (Groundball, 6, EV 83.8 MPH) Evan Torraville scores
|
Batting: LHB Jim Skare
|
0-0: Reached on error, E9 (Flyball, 89M, EV 80.6 MPH)
|
Batting: RHB Geni Prawiranega
|
0-0: Called Strike 0-1: Called Strike 0-2: Foul Ball, location: 2F 0-2: Foul Ball, location: 2F 0-2: Ball 1-2: Ball 2-2: Ball 3-2: SINGLE (Line Drive, 8RS, EV 107.5 MPH) Jim Skare to second
|
Batting: LHB David Bramble
|
0-0: Called Strike 0-1: 3-RUN HOME RUN (Flyball, 89XD, EV 107.5 MPH), Distance : 432 ft
|
Pitching: RHP Tomas Vargas
|
|
Batting: RHB Sean Neuroth
|
0-0: Ball 1-0: Fly out, F9 (Flyball, 9LM, EV 93.1 MPH)
|
Batting: LHB Yao-pang Tien
|
0-0: SINGLE (Line Drive, 8LS, EV 105.0 MPH)
|
Batting: LHB Jason Peck
|
0-0: Ball 1-0: Ball 2-0: Called Strike 2-1: Foul Ball, location: 2F 2-2: Foul Ball, location: 2F 2-2: Ground out 4-3 (Groundball, 4, EV 101.9 MPH)
|
Top of the 3rd over - 4 runs, 4 hits, 1 error, 1 left on base; New York 8 - Minnesota 0 |
BOTTOM OF THE 3RD |
Minnesota Twins batting - Pitching for New York Yankees : RHP Karel Heuvelink
|
Batting: RHB Mike Quackenbush
|
0-0: Ball 1-0: Called Strike 1-1: Foul Ball, location: 2F 1-2: Ground out 4-3 (Groundball, 4, EV 80.6 MPH)
|
Batting: RHB Tony Rivera
|
0-0: Ball 1-0: SINGLE (Groundball, 6MS, EV 65.6 MPH) (infield hit)
|
Batting: LHB Gerardo Flores
|
0-0: Fielders Choice at 2nd, 6-4 (Groundball, 6, EV 80.0 MPH)
|
Batting: RHB Danny Miramontes
|
0-0: Ball 1-0: Foul Ball, location: 2F 1-1: Foul Ball, location: 2F 1-2: Ball Wild Pitch! Gerardo Flores to second 2-2: Foul Ball, location: 2F 2-2: Ball 3-2: Ground out 6-3 (Groundball, 6, EV 86.9 MPH)
|
Bottom of the 3rd over - 0 runs, 1 hit, 0 errors, 1 left on base; New York 8 - Minnesota 0 |
TOP OF THE 4TH |
New York Yankees batting - Pitching for Minnesota Twins : RHP Tomas Vargas
|
Batting: RHB C.J. Richerson
|
0-0: Called Strike 0-1: Ball 1-1: Ground out 6-3 (Groundball, 6, EV 81.2 MPH)
|
Batting: LHB Evan Torraville
|
0-0: Ball 1-0: Foul Ball, location: 2F 1-1: Called Strike 1-2: Ball 2-2: Ball 3-2: Strikes out swinging
|
Batting: SHB Bartholomeu Chambino
|
0-0: Called Strike 0-1: Called Strike 0-2: Ball 1-2: Foul Ball, location: 2F 1-2: Strikes out swinging
|
Top of the 4th over - 0 runs, 0 hits, 0 errors, 0 left on base; New York 8 - Minnesota 0 |
BOTTOM OF THE 4TH |
Minnesota Twins batting - Pitching for New York Yankees : RHP Karel Heuvelink
|
Batting: LHB Joel Kunkler
|
0-0: Ball 1-0: SINGLE (Line Drive, 7S, EV 96.2 MPH)
|
Batting: RHB Hildo Pot
|
0-0: Fly out, F9 (Flyball, 9S, EV 90.6 MPH)
|
Batting: RHB José Molina
|
0-0: Called Strike 0-1: Foul Ball, location: 2F 0-2: Foul Ball, location: 2F 0-2: Foul Ball, location: 2F 0-2: Ball 1-2: Fielders Choice at 2nd, 6-4 (Groundball, 56, EV 105.0 MPH)
|
Batting: RHB Väinö Tapaninen
|
0-0: Ball 1-0: Called Strike 1-1: Called Strike 1-2: SINGLE (Groundball, 56D, EV 93.8 MPH) José Molina to second
|
Batting: RHB Yonetoshi Muranaka
|
0-0: Called Strike 0-1: Foul Ball, location: 2F 0-2: Hit by Pitch José Molina to third Väinö Tapaninen to second
|
Batting: RHB Mike Quackenbush
|
0-0: Ball 1-0: Called Strike 1-1: Ball 2-1: Ball 3-1: Foul Ball, location: 2F 3-2: Foul Ball, location: 2F 3-2: Foul Ball, location: 2F 3-2: Base on Balls José Molina scores Väinö Tapaninen to third Yonetoshi Muranaka to second
|
Batting: RHB Tony Rivera
|
0-0: Swinging Strike 0-1: Ball 1-1: Fielders Choice at 2nd, 6-4 (Groundball, 6, EV 98.1 MPH)
|
Bottom of the 4th over - 1 run, 2 hits, 0 errors, 3 left on base; New York 8 - Minnesota 1 |
TOP OF THE 5TH |
New York Yankees batting - Pitching for Minnesota Twins : RHP Tomas Vargas
|
Batting: LHB Jim Skare
|
0-0: Foul Ball, location: 2F 0-1: Ball 1-1: Ball 2-1: Ball 3-1: Base on Balls
|
Batting: RHB Geni Prawiranega
|
0-0: Called Strike 0-1: Ball 1-1: Ball 2-1: Called Strike 2-2: Ball 3-2: Strikes out swinging
|
Pitching: RHP Ryan Bushey
|
|
Batting: LHB David Bramble
|
0-0: Ball 1-0: Ball 2-0: Ball 3-0: Called Strike 3-1: Base on Balls Jim Skare to second
|
Batting: RHB Sean Neuroth
|
0-0: Called Strike 0-1: Called Strike 0-2: SINGLE (Line Drive, 9LS, EV 112.5 MPH) Jim Skare to third David Bramble to second Runner from 3rd tries for Home, throw by RF and OUT! 9-2
|
Batting: LHB Yao-pang Tien
|
0-0: Swinging Strike 0-1: Foul Ball, location: 2F 0-2: Foul Ball, location: 2F 0-2: Foul Ball, location: 2F 0-2: Strikes out swinging
|
Top of the 5th over - 0 runs, 1 hit, 0 errors, 2 left on base; New York 8 - Minnesota 1 |
BOTTOM OF THE 5TH |
Minnesota Twins batting - Pitching for New York Yankees : RHP Karel Heuvelink
|
Batting: LHB Gerardo Flores
|
0-0: SINGLE (Groundball, 4MD, EV 98.8 MPH) (infield hit)
|
Batting: RHB Danny Miramontes
|
0-0: Ball 1-0: Foul Ball, location: 2F 1-1: Called Strike 1-2: Foul Ball, location: 2F 1-2: Ball 2-2: Foul Ball, location: 2F 2-2: Ground out 4-3 (Groundball, 4MS, EV 60.6 MPH) Gerardo Flores to second
|
Batting: LHB Joel Kunkler
|
0-0: Foul Ball, location: 2F 0-1: Ball 1-1: Ball 2-1: Foul Ball, location: 2F 2-2: Foul Ball, location: 2F 2-2: 2-RUN HOME RUN (Flyball, 89XD, EV 101.9 MPH), Distance : 432 ft
|
Batting: RHB Hildo Pot
|
0-0: Ball 1-0: Ground out 5-3 (Groundball, 56S, EV 70.6 MPH)
|
Batting: RHB José Molina
|
0-0: Ball 1-0: Ball 2-0: Swinging Strike 2-1: Called Strike 2-2: SINGLE (Line Drive, 89S, EV 100.0 MPH)
|
Batting: RHB Väinö Tapaninen
|
0-0: Ball 1-0: Called Strike José Molina is caught stealing 2nd base 2-4
|
Bottom of the 5th over - 2 runs, 3 hits, 0 errors, 0 left on base; New York 8 - Minnesota 3 |
TOP OF THE 6TH |
New York Yankees batting - Pitching for Minnesota Twins : RHP Ryan Bushey
|
Batting: LHB Jason Peck
|
0-0: Called Strike 0-1: Ball 1-1: Ball 2-1: Ball 3-1: Foul Ball, location: 2F 3-2: Base on Balls
|
Batting: RHB C.J. Richerson
|
0-0: Called Strike 0-1: Ball 1-1: Ball 2-1: Called Strike 2-2: Ball 3-2: Fly out, F4 (Popup, 4MD, EV 50.6 MPH)
|
Pitching: RHP Keeley Schenk
|
|
Batting: LHB Evan Torraville
|
0-0: Called Strike 0-1: 2-RUN HOME RUN (Flyball, 9D, EV 109.4 MPH), Distance : 414 ft
|
Batting: SHB Bartholomeu Chambino
|
0-0: TRIPLE (Line Drive, 5D, EV 98.8 MPH)
|
Batting: LHB Jim Skare
|
0-0: Ball 1-0: Called Strike 1-1: 2-RUN HOME RUN (Flyball, 9D, EV 99.4 MPH), Distance : 408 ft
|
Batting: RHB Geni Prawiranega
|
0-0: Called Strike 0-1: Foul Ball, location: 2F 0-2: Ball 1-2: Ball 2-2: Foul Ball, location: 2F 2-2: SINGLE (Flyball, 6D, EV 90.0 MPH)
|
Batting: LHB David Bramble
|
0-0: Called Strike 0-1: DOUBLE (Line Drive, 89D, EV 105.6 MPH) Geni Prawiranega to third Runner from 3rd tries for Home, SAFE, no throw by RF
|
Pitching: RHP Bill Rondeau
|
|
Batting: RHB Sean Neuroth
|
0-0: Foul Ball, location: 2F 0-1: Ball 1-1: Swinging Strike 1-2: Ball 2-2: Ground out 4-3 (Groundball, 4, EV 85.0 MPH) David Bramble to third
|
Batting: LHB Yao-pang Tien
|
0-0: SINGLE (Line Drive, 9S, EV 94.4 MPH) David Bramble scores
|
Batting: LHB Jason Peck
|
0-0: Ball 1-0: Called Strike 1-1: Ball 2-1: Called Strike 2-2: Strikes out swinging
|
Top of the 6th over - 6 runs, 6 hits, 0 errors, 1 left on base; New York 14 - Minnesota 3 |
BOTTOM OF THE 6TH |
Minnesota Twins batting - Pitching for New York Yankees : RHP Karel Heuvelink
|
Batting: RHB Väinö Tapaninen
|
0-0: Ball 1-0: Ball 2-0: Ball 3-0: Base on Balls
|
Batting: RHB Yonetoshi Muranaka
|
0-0: Grounds into double play, 5-4-3 (Groundball, 56, EV 76.2 MPH)
|
Batting: RHB Mike Quackenbush
|
0-0: Ball 1-0: Swinging Strike 1-1: Swinging Strike 1-2: Strikes out looking
|
Bottom of the 6th over - 0 runs, 0 hits, 0 errors, 0 left on base; New York 14 - Minnesota 3 |
TOP OF THE 7TH |
New York Yankees batting - Pitching for Minnesota Twins : RHP Bill Rondeau
|
Batting: RHB C.J. Richerson
|
0-0: Ball 1-0: Called Strike 1-1: Swinging Strike 1-2: Foul Ball, location: 2F 1-2: Ball 2-2: Foul Ball, location: 2F 2-2: Foul Ball, location: 2F 2-2: Strikes out looking
|
Batting: LHB Evan Torraville
|
0-0: Swinging Strike 0-1: Swinging Strike 0-2: Strikes out swinging
|
Batting: SHB Bartholomeu Chambino
|
0-0: Ball 1-0: Called Strike 1-1: SINGLE (Groundball, 34D, EV 106.9 MPH)
|
Batting: LHB Jim Skare
|
0-0: Called Strike 0-1: Foul Ball, location: 2F 0-2: Fly out, F9 (Flyball, 9S, EV 81.2 MPH)
|
Top of the 7th over - 0 runs, 1 hit, 0 errors, 1 left on base; New York 14 - Minnesota 3 |
BOTTOM OF THE 7TH |
Minnesota Twins batting - Pitching for New York Yankees : RHP Karel Heuvelink
|
Batting: RHB Tony Rivera
|
0-0: Ball 1-0: Called Strike 1-1: Called Strike 1-2: Ground out 4-3 (Groundball, 34, EV 101.9 MPH)
|
Batting: LHB Gerardo Flores
|
0-0: Ball 1-0: DOUBLE (Groundball, 5D, EV 99.4 MPH)
|
Batting: RHB Danny Miramontes
|
0-0: Ball 1-0: Ball 2-0: Ball 3-0: Base on Balls
|
Pitching: RHP Jason Greene
|
|
Batting: LHB Joel Kunkler
|
0-0: Ball 1-0: Grounds into double play, 4-6-3 (Groundball, 4, EV 85.6 MPH)
|
Bottom of the 7th over - 0 runs, 1 hit, 0 errors, 1 left on base; New York 14 - Minnesota 3 |
TOP OF THE 8TH |
New York Yankees batting - Pitching for Minnesota Twins : RHP Bill Rondeau
|
Batting: RHB Geni Prawiranega
|
0-0: Called Strike 0-1: Ball 1-1: Ball 2-1: Ball 3-1: Foul Ball, location: 2F 3-2: SINGLE (Flyball, 5D, EV 93.1 MPH)
|
Pitching: RHP Juan Gomez
|
|
Batting: LHB David Bramble
|
0-0: Called Strike 0-1: SINGLE (Line Drive, 9S, EV 87.5 MPH) Geni Prawiranega to second
|
Batting: RHB Sean Neuroth
|
0-0: Ball 1-0: Hit by Pitch Geni Prawiranega to third David Bramble to second
|
Batting: LHB Yao-pang Tien
|
0-0: Called Strike 0-1: Foul Ball, location: 2F 0-2: Ball 1-2: Foul Ball, location: 2F 1-2: Foul Ball, location: 2F 1-2: DOUBLE (Line Drive, 8RD, EV 98.8 MPH) Geni Prawiranega scores David Bramble scores Sean Neuroth to third
|
Batting: LHB Jason Peck
|
0-0: Called Strike 0-1: Fly out, F9 (Line Drive, 9LM, EV 98.1 MPH) Runner from 3rd tags up, OUT at HOME! 9-2 Yao-pang Tien to third
|
Batting: RHB C.J. Richerson
|
0-0: Foul Ball, location: 2F 0-1: Ground out 5-3 (Groundball, 56, EV 100.0 MPH)
|
Top of the 8th over - 2 runs, 3 hits, 0 errors, 1 left on base; New York 16 - Minnesota 3 |
BOTTOM OF THE 8TH |
Minnesota Twins batting - Pitching for New York Yankees : RHP Jason Greene
|
Batting: RHB Hildo Pot
|
0-0: Called Strike 0-1: Ball 1-1: Fly out, F8 (Flyball, 89M, EV 78.1 MPH)
|
Batting: RHB José Molina
|
0-0: Called Strike 0-1: Ball 1-1: Ball 2-1: SINGLE (Line Drive, 34D, EV 95.6 MPH)
|
Batting: RHB Väinö Tapaninen
|
0-0: Foul Ball, location: 2F 0-1: Ball 1-1: 2-RUN HOME RUN (Flyball, 7D, EV 95.6 MPH), Distance : 369 ft
|
Pinch Hitting: RHB Aaron Trotman
|
0-0: Ball 1-0: Called Strike 1-1: Called Strike 1-2: Foul Ball, location: 2F 1-2: Ground out 3-1 (Groundball, 34, EV 108.8 MPH)
|
Batting: RHB Mike Quackenbush
|
0-0: Ball 1-0: Ball 2-0: Called Strike 2-1: Foul Ball, location: 2F 2-2: Ball 3-2: Foul Ball, location: 2F 3-2: Foul Ball, location: 2F 3-2: Foul Ball, location: 2F 3-2: Fly out, F4 (Line Drive, 4, EV 67.5 MPH)
|
Bottom of the 8th over - 2 runs, 2 hits, 0 errors, 0 left on base; New York 16 - Minnesota 5 |
TOP OF THE 9TH |
New York Yankees batting - Pitching for Minnesota Twins : RHP Juan Gomez
|
Now at 1B: Aaron Trotman
|
|
Now at 2B: Tony Rivera
|
|
Batting: LHB Evan Torraville
|
0-0: Swinging Strike 0-1: Foul Ball, location: 2F 0-2: Strikes out swinging
|
Batting: SHB Bartholomeu Chambino
|
0-0: Foul Ball, location: 2F 0-1: Foul Ball, location: 2F 0-2: Foul Ball, location: 2F 0-2: Strikes out swinging
|
Batting: LHB Jim Skare
|
0-0: Called Strike 0-1: Ball 1-1: Ball 2-1: Ball 3-1: Swinging Strike 3-2: Ground out 4-3 (Groundball, 4, EV 103.8 MPH)
|
Top of the 9th over - 0 runs, 0 hits, 0 errors, 0 left on base; New York 16 - Minnesota 5 |
BOTTOM OF THE 9TH |
Minnesota Twins batting - Pitching for New York Yankees : RHP Jason Greene
|
Batting: RHB Tony Rivera
|
0-0: Ball 1-0: Fly out, F8 (Flyball, 8RD, EV 105.0 MPH)
|
Batting: LHB Gerardo Flores
|
0-0: Ball 1-0: Foul Ball, location: 2F 1-1: Ground out 5-3 (Groundball, 56S, EV 84.4 MPH)
|
Batting: RHB Danny Miramontes
|
0-0: Ball 1-0: Ball 2-0: Foul Ball, location: 2F 2-1: Ball 3-1: Called Strike 3-2: SOLO HOME RUN (Flyball, 89XD, EV 100.6 MPH), Distance : 402 ft
|
Batting: LHB Joel Kunkler
|
0-0: Called Strike 0-1: SINGLE (Flyball, 6MD, EV 83.1 MPH)
|
Pitching: RHP Jose Tavira
|
|
Batting: RHB Hildo Pot
|
0-0: Ball 1-0: Ball 2-0: Foul Ball, location: 2F 2-1: Ball 3-1: SINGLE (Groundball, 4S, EV 66.2 MPH) (infield hit) Joel Kunkler to second
|
Batting: RHB José Molina
|
0-0: Fielders Choice at 2nd, 5-4 (Groundball, 5L, EV 101.2 MPH)
|
Bottom of the 9th over - 1 run, 3 hits, 0 errors, 2 left on base; New York 16 - Minnesota 6 |
|